 Dungeon Crawl Stone Soup version 0.30-a0-1103-g25895a7845 (webtiles) character file.

Game seed: 11901811021622661092

5695 jasper the Grappler (level 10, -1/104 HPs)
             Began as a Troll Cinder Acolyte on Apr 18, 2023.
             Was a Priest of Ignis.
             Slain by a yak (3 damage)
             ... on level 4 of the Lair of Beasts.
             The game lasted 00:04:22 (1837 turns).

jasper the Grappler (Troll Cinder Acolyte)          Turns: 1837, Time: 00:04:23

Health: -1/104     AC:  8    Str: 24    XL:     10   Next: 47%
Magic:  10/10      EV:  8    Int: 14    God:    Ignis [***...]
Gold:   200        SH:  0    Dex:  5    Spells: 11/11 levels left

rFire   + . .      SeeInvis .      - Unarmed
rCold   . . .      Faith    .    (no shield)
rNeg    . . .      Spirit   .    b - +0 acid dragon scales
rPois   .          Reflect  .    (helmet restricted)
rElec   .          Rampage  .    (no cloak)
rCorr   +                        (gloves unavailable)
Will    .....                    (boots unavailable) Stlth
                                 (no amulet)
HPRegen 1.17/turn                (no ring)
MPRegen 0.12/turn                (no ring)

@: no status effects
A: large, unfitting armour, claws 3, regeneration 1, shaggy fur 1, tough skin 1
a: Renounce Religion, Fiery Armour, Foxfire Swarm, Rising Flame


You were on level 4 of the Lair of Beasts.
You worshipped Ignis.
Ignis was most pleased with you.
You visited 2 branches of the dungeon, and saw 12 of its levels.

You collected 200 gold pieces.

Inventory:

Missiles
 j - 2 poisoned darts (quivered)
 l - 11 javelins
 n - a throwing net
Armour
 a - a +0 robe
 b - +0 acid dragon scales (worn)
 e - a +1 robe
Jewellery
 h - a ring of magical power
 o - an amulet of magic regeneration
Wands
 d - a wand of iceblast (8)
Scrolls
 g - a scroll of teleportation
 i - 2 scrolls of identify
Potions
 c - a potion of attraction
 f - a potion of berserk rage
 k - a potion of brilliance
 m - a potion of curing
 p - a potion of mutation {unknown}


   Skills:
 + Level 8.1 Fighting
 * Level 13.1 Unarmed Combat
 - Level 1.0 Spellcasting
 - Level 2.1 Fire Magic


You had 11 spell levels left.
You didn't know any spells.
Your spell library contained the following spells:

 Spells                   Type           Power      Damage    Failure   Level
 Scorch                   Fire           12%        2d5       21%         2
 Slow                     Hex            0%         N/A       32%         1
 Cigotuvi's Dreadful Rot  Necr/Pois/Air  0%         N/A       45%         2
 Confusing Touch          Hex            0%         N/A       69%         3
 Vampiric Draining        Necr           0%         2d6       69%         3
 Dispel Undead            Necr           0%         3d6       97%         4
 Death Channel            Necr           0%         N/A       100%        6


Dungeon Overview and Level Annotations

Branches:
Dungeon (8/15)               Lair (4/5) D:8           Snake (0/4) Lair:3
 Temple: D:4-7        Swamp: Lair:2-3    Shoals: Lair:2-3     Slime: Lair:4-5

Altars:
Sif Muna

Annotations:
D:7 exclusion: door


Innate Abilities, Weirdness & Mutations

You are too large for most types of armour.
You have claws for hands.
Your natural rate of healing is unusually fast.
You are covered in fur. (AC +1)
You have tough skin. (AC +1)


Message History

The yak barely misses you. The yak gores you but does no damage.
The yak barely misses you.
You mangle the yak!!
You kill the yak!
The yak gores you. x3
Your Unarmed Combat skill increases to level 13!
You take 6 damage, and have 63/104 hp.
You mangle the yak!! You claw the yak!
You kill the yak!
The yak gores you!
You take 6 damage, and have 58/104 hp.
The yak attacks as you move away! The yak gores you but does no damage.
The yak attacks as you move away! The yak gores you! x2
You take 18 damage, and have 40/104 hp.
You claw the yak!
The yak is heavily wounded.
The yak gores you but does no damage. The yak barely misses you.
You closely miss the yak.
The yak is heavily wounded.
The yak gores you but does no damage. The yak gores you!
You take 7 damage, and have 34/104 hp.
You scratch the yak. Your claw misses the yak.
The yak is lightly wounded.
The yak barely misses you. x2
You completely miss the yak. You scratch the yak.
The yak is lightly wounded.
The yak closely misses you. The yak gores you!
* * * LOW HITPOINT WARNING * * *
The yak completely misses you. The yak barely misses you. The yak gores you!
* * * LOW HITPOINT WARNING * * *
You take 17 damage, and have 18/104 hp.
You barely miss the yak.
The yak is lightly wounded.
The yak gores you!
* * * LOW HITPOINT WARNING * * *
The yak gores you!
* * * LOW HITPOINT WARNING * * *
The yak gores you.
You die...

....†## *.......## ***** ....##
### ####...$...##**,*,* *
.....###.###..#......#.#,,*,,****
..........>.............,,,,,,,,,
........................,,,,,,,,,
................†.......,,,,,,,,,
........................,,,,,,,,,
...............YYY......,,,,,,,,,
...............Y@Y......,,,,,,,,,
#.####P########..Y....##,****,***
### ### #........##*** ***
###P.....P# #P......P# #.......P#
##......P# #..^....## ##......#


You could see 6 yaks.

Vanquished Creatures
  Pikel (D:5)
  A black mamba (Lair:4)
  Maggie (D:7)
  4 cane toads
  3 komodo dragons (Lair:4)
  A hornet (D:7)
  6 yaks
  A wyvern (Lair:1)
  2 steam dragons (D:7)
  4 water moccasins
  An orc warrior (D:8)
  6 wolves (Lair:4)
  3 lemures (D:5)
  A phantom (D:4)
  A bullfrog (Lair:2)
  2 sleepcaps
  A hound (D:6)
  An iguana (D:7)
  An orc wizard (D:8)
  2 adders (D:5)
  A shadow imp (D:7)
  A dart slug (D:4)
  13 orcs
  An endoplasm (D:4)
  2 kobolds (D:4)
  A quokka (D:2)
  3 ball pythons (D:4)
65 creatures vanquished.

Vanquished Creatures (others)
  16 foxfires (Lair:4)
  5 fungi
21 creatures vanquished.

Grand Total: 86 creatures vanquished

Notes
Turn   | Place    | Note
-------+----------+-------------------------------------------
     0 | D:1      | jasper the Troll Cinder Acolyte began the quest for the
                  | Orb.
     0 | D:1      | Reached XP level 1. HP: 22/22 MP: 1/1
    91 | D:4      | Reached XP level 2. HP: 29/29 MP: 2/2
   105 | D:4      | Noticed a phantom
   145 | D:4      | Killed a phantom
   146 | D:4      | Reached skill level 4 in Unarmed Combat
   146 | D:4      | Reached XP level 3. HP: 17/37 MP: 3/3
   146 | D:4      | Reached XP level 4. HP: 21/45 MP: 4/4
   169 | D:5      | Entered Level 5 of the Dungeon
   220 | D:5      | Noticed a lemure
   220 | D:5      | Noticed a lemure
   220 | D:5      | Noticed a lemure
   220 | D:5      | Noticed a lemure
   221 | D:5      | Noticed Pikel
   223 | D:5      | Killed a lemure
   224 | D:5      | Killed a lemure
   224 | D:5      | Killed a lemure
   231 | D:5      | Killed Pikel
   232 | D:5      | Reached skill level 6 in Unarmed Combat
   232 | D:5      | Reached XP level 5. HP: 33/54 MP: 5/5
   232 | D:5      | Reached XP level 6. HP: 38/62 MP: 6/6
   232 | D:5      | Reached XP level 7. HP: 43/70 MP: 7/7
   343 | D:6      | Reached skill level 7 in Unarmed Combat
   379 | D:7      | Noticed a steam dragon
   385 | D:7      | Killed a steam dragon
   387 | D:7      | Noticed a hornet
   393 | D:7      | Paralysed by a hornet for 3 turns
   399 | D:7      | Killed a hornet
   400 | D:7      | Reached skill level 5 in Fighting
   400 | D:7      | Reached skill level 8 in Unarmed Combat
   416 | D:7      | Noticed a steam dragon
   426 | D:7      | Killed a steam dragon
   427 | D:7      | Reached XP level 8. HP: 71/80 MP: 8/8
   427 | D:7      | Noticed Maggie
   439 | D:7      | Killed Maggie
   440 | D:7      | Reached skill level 9 in Unarmed Combat
   871 | D:7      | Found a shimmering blue altar of Sif Muna.
   985 | D:8      | Reached skill level 10 in Unarmed Combat
  1059 | D:8      | Reached XP level 9. HP: 47/89 MP: 9/9
  1114 | D:8      | Found a staircase to the Lair.
  1144 | Lair:1   | Entered Level 1 of the Lair of Beasts
  1152 | Lair:1   | Noticed a cane toad
  1158 | Lair:1   | Killed a cane toad
  1289 | Lair:2   | Noticed a cane toad
  1296 | Lair:2   | Killed a cane toad
  1297 | Lair:2   | Reached skill level 11 in Unarmed Combat
  1432 | Lair:3   | Noticed a komodo dragon
  1433 | Lair:3   | Found a staircase to the Snake Pit.
  1435 | Lair:3   | Noticed a black mamba
  1443 | Lair:4   | Killed a black mamba
  1515 | Lair:4   | Noticed a cane toad
  1520 | Lair:4   | Noticed a komodo dragon
  1526 | Lair:4   | Killed a cane toad
  1527 | Lair:4   | Reached skill level 12 in Unarmed Combat
  1536 | Lair:4   | Killed a komodo dragon
  1537 | Lair:4   | Reached XP level 10. HP: 60/102 MP: 10/10
  1669 | Lair:4   | Noticed a cane toad
  1676 | Lair:4   | Killed a cane toad
  1829 | Lair:4   | Reached skill level 13 in Unarmed Combat
  1837 | Lair:4   | HP: 2/104 [yak (7)]
  1837 | Lair:4   | Slain by a yak

Illustrated notes

Levels and vault maps discovered:
D:1:      dreamdust_arrival_sigmund_warning, layout_basic,
          corexii_item_surrounded_by_moat, nicolae_grassy_gnolls
D:2:      layout_basic, uniq_natasha
D:3:      layout_basic, uniq_grinder
D:4:      layout_rooms
D:5:      layout_gridville, elyvilon_altar_1, uniq_duvessa, uniq_pikel
D:6:      layout_layer_cave, minmay_temple_entry_butterflies
D:7:      dreamdust_elfheim, layout_rooms, led_sif_book,
          kennysheep_generic_room_2, uniq_maggie
D:8:      layout_basic, dpeg_oklobed_lair, minivault_14, nicolae_elemental_shop,
          uniq_amaemon
Lair:1:   gammafunk_lair_enchanted_lake, layout_layer_cave, special_room
          [special_room_bee]
Lair:2:   layout_regular_city
Lair:3:   onia_ninara_swampy_vault, layout_loops_ring,
          elwin_shoals_entry_stream, nicolae_volcano_entry_batcave
Lair:4:   layout_big_grid

Skill      XL: |  1  2  3  4  5  6  7  8  9 10 |
---------------+-------------------------------+-----
Fighting       | 3 4 5 6 7 8 |  8.1
Unarmed Combat | 4 6 8 10 12 13 | 13.1
Spellcasting   | |  1.0
Fire Magic     | |  2.1

Action                     |  1- 3 |  4- 6 |  7- 9 | 10-12 || total
---------------------------+-------+-------+-------+-------++-------
  Melee: Unarmed           |    55 |     6 |   114 |    38 ||   213
         Punch             |     2 |       |     7 |     5 ||    14
 Invoke: Fiery Armour      |       |     1 |     3 |     1 ||     5
         Foxfire Swarm     |       |       |     1 |       ||     1
  Evoke: Wand              |       |     4 |     2 |       ||     6
    Use: Scroll            |       |       |     6 |     1 ||     7
 Armour: Robe              |    21 |       |    14 |       ||    35
         Acid dragon scale |       |       |    25 |    16 ||    41
  Dodge: Dodged            |    32 |     1 |    33 |    28 ||    94

Table legend: (Time is in decaauts)
 A = Elapsed time spent in this place.
 B = Non-inter-level travel time spent in this place.
 C = Inter-level travel time spent in this place.
 D = Time resting spent in this place.
 E = Time spent auto-exploring this place.
 F = Levels seen in this place.
 G = Mean time per level.
                   A        B        C        D        E       F      G
               +--------+--------+--------+--------+--------+-----+--------+
         Total |   1801 |   1748 |     53 |     43 |   1073 |  12 |  150.1 |
       Dungeon |   1125 |   1072 |     53 |     15 |    596 |   8 |  140.6 |
          Lair |    675 |    675 |      0 |     28 |    477 |   4 |  168.8 |
               +--------+--------+--------+--------+--------+-----+--------+

Top non-repeatable levels by time:
     D:7: 571 daAuts
  Lair:4: 385 daAuts
     D:8: 189 daAuts
  Lair:2: 157 daAuts
     D:5: 150 daAuts
  Lair:1: 126 daAuts
     D:4: 101 daAuts
     D:6: 49 daAuts
     D:3: 47 daAuts
     D:2: 9 daAuts
  Lair:3: 6 daAuts
     D:1: 6 daAuts
